 Dungeon Crawl Stone Soup version 0.20.1-1-g8b1a95d (webtiles) character file.

342 Jannitor the Vexing (level 6, -1/41 HPs)
             Began as a Demonspawn Enchanter on Sept 4, 2017.
             Killed from afar by an orc wizard (11 damage)
             ... with a magic dart
             ... on level 4 of the Dungeon.
             The game lasted 00:11:44 (5983 turns).

Jannitor the Vexing (Demonspawn Enchanter)          Turns: 5983, Time: 00:11:44

Health: -1/41      AC:  2    Str:  8    XL:     6   Next: 30%
Magic:  9/9        EV: 15    Int: 18    God:
Gold:   270        SH:  0    Dex: 14    Spells: 3/9 levels left

rFire    . . .     SeeInvis .   b - +0 blowgun
rCold    . . .     Gourm    .   (no shield)
rNeg     . . .     Faith    .   w - +0 robe
rPois    .         Spirit   .   (helmet restricted)
rElec    .         Reflect  .   (no cloak)
rCorr    .         Harm     .   (no gloves)
MR       .....                  (no boots)
Stlth    +++.......             (no amulet)
Regen    0.2/turn               j - +3 ring of evasion
MPRegen  0.2/turn               (no ring)

@: no status effects
A: antennae 2
a: no special abilities


You were on level 4 of the Dungeon.
You were not hungry.

You visited 1 branch of the dungeon, and saw 4 of its levels.

You collected 270 gold pieces.

Inventory:

Hand Weapons
 a - a +1 dagger
 b - a +0 blowgun (weapon)
Missiles
 l - a poisoned needle (quivered)
 v - 2 curare-tipped needles
Armour
 w - a +0 robe (worn)
 x - a +0 buckler
Jewellery
 j - a +3 ring of evasion (left hand)
 n - an uncursed ring of fire
Scrolls
 e - 5 scrolls of identify
 f - a scroll of noise {unknown}
 g - 2 scrolls of immolation {unknown}
 h - 4 scrolls of blinking {unknown}
 k - a scroll of amnesia {unknown}
 p - a scroll of fear {unknown}
 t - 2 scrolls of fog {unknown}
 u - a scroll of teleportation {unknown}
 y - a scroll of recharging {unknown}
 z - 4 scrolls of enchant armour {unknown}
Potions
 m - 2 potions of heal wounds
 o - a potion of magic {unknown}
 q - 2 potions of haste {unknown}
 A - a potion of invisibility {unknown}
Books
 c - a book of Maledictions

   Spells                             Type                      Level
   a - Corona                         Hexes                        1
   b - Ensorcelled Hibernation        Hexes/Ice                    2
   c - Confuse                        Hexes                        3
   d - Tukima's Dance                 Hexes                        3
   e - Dazzling Spray                 Conjuration/Hexes            3
Comestibles
 d - 5 bread rations
 i - 3 meat rations
 s - 6 fruits


   Skills:
 + Level 3.0 Short Blades
 + Level 1.5 Throwing
 - Level 1.7 Dodging
 + Level 4.5 Stealth
 - Level 2.0 Spellcasting
 + Level 4.6 Hexes


You had 3 spell levels left.
You knew the following spells:

 Your Spells              Type           Power        Failure   Level  Hunger
a - Corona                Hex            ###....      2%          1    #......
b - Ensorcelled Hibernat  Hex/Ice        ##....       11%         2    ###....
c - Confuse               Hex            ###.....     9%          3    ###....


Dungeon Overview and Level Annotations

Branches:
Dungeon (4/15)
 Temple: D:4-7

Altars:
Ashenzari
Ru
Zin


Innate Abilities, Weirdness & Mutations

You have a pair of antennae on your head.


Message History

The magic dart hits you!
The orc wizard mumbles some strange words.
The orc wizard blinks!
Firing (i - inventory. (,) - cycle):
l - 3 poisoned needles (quivered)
Press: ? - help, Shift-Dir - straight line, f/p - orc wizard
Aim: an orc wizard, wielding a club and wearing a robe (almost dead, fast)
You shoot a poisoned needle.
The poisoned needle closely misses the orc wizard.
The orc wizard points at you and mumbles some strange words.
The magic dart hits you!
* * * LOW HITPOINT WARNING * * *
Firing (i - inventory. (,) - cycle):
l - 2 poisoned needles (quivered)
Press: ? - help, Shift-Dir - straight line, f/p - orc wizard
Aim: an orc wizard, wielding a club and wearing a robe (almost dead, fast)
You shoot a poisoned needle.
The poisoned needle hits the orc wizard.
The orc wizard is almost dead.
The orc wizard gestures at you while chanting.
The magic dart hits you!
You die...

##..###### #
#..##...# #
####>.....#
#.........#
#...{.....# {{
####.........# {
#.........#### #
#.#############
#.##†##(.o(.(@...#
#.....((##(#####.#
#####.###### #.#
#... #.# ##### #.#
#.#############
#...........)..
###############


You could see an orc wizard.

Vanquished Creatures
  A scorpion (D:3)
  A hound (D:4)
  4 worker ants (D:4)
  4 adders
  An ooze (D:1)
  2 dart slugs
  6 leopard geckos
  13 orcs
  7 giant cockroaches
  7 goblins
  4 hobgoblins
  15 jackals
  6 kobolds
  2 quokkas (D:2)
  13 bats
  5 frilled lizards
  9 rats
100 creatures vanquished.

Notes
Turn   | Place    | Note
-------+----------+-------------------------------------------
     0 | D:1      | Jannitor the Demonspawn Enchanter began the quest for the Orb.
     0 | D:1      | Reached XP level 1. HP: 13/13 MP: 3/3
   259 | D:1      | Reached skill level 1 in Short Blades
   557 | D:1      | Gained mutation: You have a pair of small antennae on your head. [demonic ancestry]
   557 | D:1      | Reached XP level 2. HP: 19/19 MP: 5/5
   676 | D:1      | Learned a level 2 spell: Ensorcelled Hibernation
  1255 | D:1      | Reached XP level 3. HP: 7/24 MP: 6/6
  2599 | D:2      | Learned a level 3 spell: Confuse
  2665 | D:2      | Reached XP level 4. HP: 25/30 MP: 0/7
  3021 | D:2      | Found a sacrificial altar of Ru.
  3082 | D:2      | Found a shattered altar of Ashenzari.
  3082 | D:2      | Found a glowing silver altar of Zin.
  3795 | D:3      | Found a faded altar of an unknown god.
  4321 | D:3      | Reached XP level 5. HP: 27/35 MP: 8/8
  4730 | D:4      | Reached skill level 1 in Throwing
  4997 | D:4      | Gained mutation: You have a pair of antennae on your head. [demonic ancestry]
  4997 | D:4      | Reached XP level 6. HP: 25/41 MP: 9/9
  5983 | D:4      | Killed from afar by an orc wizard

Skill      XL: |  1  2  3  4  5  6 |
---------------+-------------------+-----
Short Blades   | 1 2 3 |  3.0
Stealth        | 3 4 |  4.5
Hexes          | 4 |  4.6
Throwing       | 1 |  1.5
Dodging        | |  1.7
Spellcasting   | |  2.0

Action                   |  1- 3 |  4- 6 || total
-------------------------+-------+-------++-------
Melee: Dagger            |   215 |   193 ||   408
 Fire: Blowgun           |       |    58 ||    58
 Cast: Ensorcelled Hiber |    21 |     8 ||    29
       Corona            |       |     1 ||     1
  Use: Scroll            |     1 |       ||     1
       Potion            |       |     1 ||     1
 Stab: Sleeping          |    16 |    16 ||    32
       Distracted        |       |     1 ||     1
  Eat: Chunk             |     7 |    11 ||    18
Armor: Robe              |    56 |    26 ||    82
Dodge: Dodged            |   186 |   142 ||   328
